 Dungeon Sprint DCSS version bcrawl-1.15.1 (webtiles) character file.

Game seed: 4151831099852540720

1542 Chiseanne the Prestidigitator (level 8, -8/60 HPs)
             Began as a Demonspawn Archaeologist on Sept 30, 2019.
             Was an Initiate of Gozag.
             Shot with an arrow by a centaur warrior (18 damage)
             ... in the Dungeon (Sprint I: "Red Sonja").
             The game lasted 00:05:55 (1803 turns).

Chiseanne the Prestidigitator (DsAc)                Turns: 1803, Time: 00:05:56

Health: -8/60      AC: 17    Str: 12    XL:     8   Next: 56%
Magic:  18/18      EV: 14    Int: 16    God:    Gozag
Gold:   244        SH:  0    Dex: 13    Spells: 7/7 levels left

rFire    + + .     SeeInvis .   a - +2 dagger (elec)
rCold    x . .     Gourm    .   (no shield)
rNeg     . . .     Faith    .   f - +8 salamander hide armour {+Fog rF++ rC-}
rPois    .         Spirit   .   c - +1 hat
rElec    .         Reflect  .   (no cloak)
rCorr    .         Harm     .   (no gloves)
MR       .....     NoTele   +   d - +1 pair of boots
Stlth    ++........             (no amulet)
HPRegen  0.20/turn              (no ring)
MPRegen  0.16/turn              (no ring)

@: no status effects
A: hooves 2, thin metallic scales 1, powered by pain 1, rot immunity
a: Potion Petition, Call Merchant, Bribe Branch, Renounce Religion, Evoke Fog


You were in the Dungeon.
You worshipped Gozag.
Gozag was aware of your devotion.
You were not hungry.

You visited 1 branch You collected 928 gold pieces.
You spent 684 gold pieces at shops.

Inventory:

Hand Weapons
 a - a +2 dagger of electrocution (weapon)
 b - a +0 blowgun
 o - a +0 hunting sling
Missiles
 g - 214 stones (quivered)
 i - 223 sling bullets
Armour
 c - a +1 hat (worn)
 d - a +1 pair of boots (worn)
 f - the +8 salamander hide armour (worn) {+Fog rF++ rC-}

   It greatly protects you from fire.
   It makes you vulnerable to cold.
 p - a +3 ring mail of positive energy
Wands
 h - a wand of acid (7)
Scrolls
 m - a scroll of blinking
Potions
 e - a potion of haste
 j - 4 potions of curing
 k - 2 potions of magic
 l - a potion of cancellation


   Skills:
 * Level 4.1 Fighting
 - Level 4.3 Short Blades
   Level 0.8 Maces & Flails
 * Level 9.9 Armour
 * Level 4.6 Dodging
 - Level 3.0 Stealth
 - Level 14.2 Evocations


You had 7 spell levels left.
You didn't know any spells.
Your spell library was empty.

Dungeon Overview and Level Annotations

Branches:
Dungeon (1/1)

Altars:
Cheibriados
Dithmenos
Elyvilon
Fedhas
Gozag
Hepliaklqana
Kikubaaqudgha
Nemelex Xobeh
Okawaru
Qazlal
Ru
Sif Muna
Trog
Uskayaw
Vehumet
Wu Jian
Yredelemnul
Zin
The Shining One

Shops:
D !


Innate Abilities, Weirdness & Mutations

You have hoof-like feet.
You are partially covered in thin metallic scales. (AC +2)
You sometimes gain a little power by taking damage.
You are immune to rotting.


Message History

There is an open door here.
You enter the shallow water.
Moving in this stuff is going to be slow. 2 centaur warriors come into view.
The centaur warrior shouts! x2
The centaur warrior wields a +0 shortbow.
The centaur warrior shoots an arrow.
The arrow hits you! The centaur warrior hits you.
The centaur warrior closely misses you.
Found 13 gold pieces and 194 poisoned needles.
The centaur warrior shoots an arrow.
The arrow hits you!!
The centaur warrior wields a +0 longbow.
The centaur warrior shoots an arrow.
The arrow hits you!!
* * * LOW HITPOINT WARNING * * *
There is an open door, spattered with blood here.
You see here a spear.
You feel better.
The centaur warrior shoots an arrow.
The arrow hits you.
* * * LOW HITPOINT WARNING * * *
The centaur warrior shoots an arrow.
The arrow hits you!!
You die...
Your body crumbles into a pile of gold.

#..'..#.)'..# $$ $ $$
').#..'..#..+ $$ $
#####'#####'# ## $ $
####..#...#.####§§# $
$
#__####..##)#§§≈§§#$$
$ #_____##'#_.+§§§c§+
$
#_.∩!..'..._#c§§c.#$$
$$$
#_..__##_.#'##§####
#_____###'#.#.[)@# $
#########.####'### $
.......)...'.....+$
$$ ++++####...#######
$ $$ $ ###.### $


$$$$$$ #.#'#.# $ $$$$$$ #.....# $ $$$$$$ #.[...# $$$ ####### $ You could see a
centaur warrior.

Vanquished Creatures
  Sonja (D)
  A deep troll (D)
  A yak (D)
  Sigmund (D)
  An ogre (D)
  A jelly (D)
  Ijyb (D)
  2 ballistomycetes (D)
9 creatures vanquished.

Vanquished Creatures (others)
  2 ballistomycete spores (D)
2 creatures vanquished.

Grand Total: 11 creatures vanquished

Notes
Turn   | Place    | Note
-------+----------+-------------------------------------------
     0 | D        | Chiseanne the Demonspawn Archaeologist began the quest for
                  | the Orb.
     0 | D        | Reached XP level 1. HP: 15/15 MP: 1/1
     1 | D        | Noticed Ijyb
    29 | D        | Killed Ijyb
    29 | D        | Gained mutation: You have large cloven feet. [demonic
                  | ancestry]
    29 | D        | Reached XP level 2. HP: 2/25 MP: 2/2
   307 | D        | Noticed an ogre
   317 | D        | Killed an ogre
   317 | D        | Gained mutation: You have hoof-like feet. [demonic
                  | ancestry]
   317 | D        | Reached XP level 3. HP: 4/30 MP: 3/3
   317 | D        | Gained mutation: You sometimes gain a little power by
                  | taking damage. [demonic ancestry]
   317 | D        | Reached XP level 4. HP: 5/37 MP: 4/4
   586 | D        | Noticed Sigmund
   613 | D        | Killed Sigmund
   613 | D        | Reached XP level 5. HP: 13/42 MP: 5/5
   824 | D        | Found an ornate altar of the Wu Jian Council.
   824 | D        | Found a shimmering blue altar of Sif Muna.
   826 | D        | Found a radiant altar of Vehumet.
   840 | D        | Reached skill level 3 in Evocations
   840 | D        | Gained mutation: You are immune to rotting. [demonic
                  | ancestry]
   840 | D        | Reached XP level 6. HP: 18/48 MP: 5/8
  1028 | D        | Found Cumyl's Distillery.
  1028 | D        | Found an ancient bone altar of Kikubaaqudgha.
  1028 | D        | Found a hazy altar of Hepliaklqana.
  1028 | D        | Found a hide-covered altar of Uskayaw.
  1028 | D        | Found a basalt altar of Yredelemnul.
  1028 | D        | Found an opulent altar of Gozag.
  1028 | D        | Found a snail-covered altar of Cheibriados.
  1028 | D        | Found a sacrificial altar of Ru.
  1028 | D        | Found a shadowy altar of Dithmenos.
  1028 | D        | Noticed a yak
  1029 | D        | Found a stormy altar of Qazlal.
  1029 | D        | Found a blossoming altar of Fedhas.
  1029 | D        | Found a bloodstained altar of Trog.
  1029 | D        | Found an iron altar of Okawaru.
  1029 | D        | Found a glowing golden altar of the Shining One.
  1029 | D        | Found a glowing silver altar of Zin.
  1029 | D        | Found a white marble altar of Elyvilon.
  1036 | D        | Killed a yak
  1036 | D        | Reached skill level 7 in Evocations
  1037 | D        | Found a sparkling altar of Nemelex Xobeh.
  1040 | D        | Became a worshipper of Gozag Ym Sagoz the Greedy
  1043 | D        | Bought a potion of might for 48 gold pieces
  1043 | D        | Bought a potion of degeneration for 12 gold pieces
  1043 | D        | Bought a potion of agility for 48 gold pieces
  1043 | D        | Bought a potion of curing for 36 gold pieces
  1043 | D        | Bought a potion of curing for 36 gold pieces
  1043 | D        | Bought a potion of curing for 36 gold pieces
  1056 | D        | Noticed Sonja
  1072 | D        | HP: 1/48 [Sonja/+1 short sword of distortion (16)]
  1073 | D        | Killed Sonja
  1073 | D        | Reached skill level 12 in Evocations
  1073 | D        | Reached XP level 7. HP: 1/54 MP: 11/16
  1073 | D        | Gained mutation: You are partially covered in thin metallic
                  | scales. (AC +2) [demonic ancestry]
  1073 | D        | Reached XP level 8. HP: 1/60 MP: 11/17
  1541 | D        | Bought a potion of haste for 120 gold pieces
  1541 | D        | Bought a potion of haste for 120 gold pieces
  1541 | D        | Bought a potion of heal wounds for 60 gold pieces
  1541 | D        | Bought a potion of curing for 36 gold pieces
  1541 | D        | Bought a potion of curing for 36 gold pieces
  1541 | D        | Bought a potion of cancellation for 96 gold pieces
  1553 | D        | Noticed a deep troll
  1572 | D        | Killed a deep troll
  1572 | D        | Reached skill level 14 in Evocations
  1799 | D        | Noticed a centaur warrior
  1799 | D        | Noticed a centaur warrior
  1803 | D        | Shot with an arrow by a centaur warrior

Skill      XL: |  1  2  3  4  5  6  7  8 |
---------------+-------------------------+-----
Fighting       | 4 |  4.1
Dodging        | 4 |  4.6
Short Blades   | 4 |  4.3
Armour         | 4 9 |  9.9
Evocations     | 3 12 14 | 14.2
Maces & Flails | |  0.8
Stealth        | |  3.0

Action                   |  1- 3 |  4- 6 |  7- 9 || total
-------------------------+-------+-------+-------++-------
Melee: Unarmed           |    13 |       |       ||    13
       Whip              |     7 |       |       ||     7
       Dagger            |     6 |    33 |    24 ||    63
Invok: Potion Petition   |       |       |     1 ||     1
  Use: Potion            |     1 |     7 |     3 ||    11
 Stab: Sleeping          |       |     1 |       ||     1
  Eat: Ration            |       |       |     1 ||     1
       Chunk             |       |       |     1 ||     1
Armor: Skin              |     6 |       |       ||     6
       Ring mail         |       |     5 |       ||     5
       Leather armour    |       |     7 |     4 ||    11
Dodge: Dodged            |    10 |    24 |     9 ||    43
